 Dungeon Crawl Stone Soup version 0.17-a0-2098-gf59d6bc (webtiles) character file.

1435 septik the Conjurer (level 8, -3/52 HPs)
             Began as a Mummy Wizard on Oct 17, 2015.
             Was an Initiate of Sif Muna.
             Slain by Menkaure (7 damage)
             ... on level 7 of the Dungeon.
             The game lasted 00:52:24 (13850 turns).

septik the Conjurer (Mummy Wizard)                 Turns: 13850, Time: 00:52:24

Health: -3/52      AC: 12    Str: 10    XL:     8   Next: 45%
Magic:  11/15      EV: 12    Int: 20    God:    Sif Muna [......]
Gold:   246        SH:  0    Dex: 10    Spells: 5 memorised, 7 levels left

rFire  . . .     SeeInvis .     h - +1 mace (protect)
rCold  + . .     Clarity  .     v - +2 robe {rF+}
rNeg   + + +     SustAt   .     (no shield)
rPois  ∞         Gourm    .     t - +0 helmet
rElec  .         Spirit   .     j - +0 cloak
rCorr  .         Warding  .     r - +0 pair of gloves
rMut   .         Stasis   .     (no boots)
MR     +....                    (no amulet)
Stlth  ++........               (no ring)
                                (no ring)

@: somewhat resistant to hostile enchantments, unstealthy
A: no food or potions, fire vulnerability, cold resistance 1, negative energy
resistance 3, torment resistance, unbreathing
a: Renounce Religion


You were on level 7 of the Dungeon.
You worshipped Sif Muna.
Sif Muna was noncommittal.
You were not hungry.

You visited 2 branches of the dungeon, and saw 8 of its levels.

You collected 246 gold pieces.

Inventory:

Hand Weapons
 h - a +1 mace of protection (weapon)
 p - a +0 dagger of venom
 u - a +0 whip of freezing
Armour
 a - a +0 robe
 b - a +0 hat
 j - a +0 cloak (worn)
 r - a +0 pair of gloves (worn)
 t - a +0 helmet (worn)
 v - a +2 robe of fire resistance (worn)
Jewellery
 l - an uncursed ring of poison resistance {unknown}
 x - an uncursed ring of fire {unknown}
Wands
 s - a wand of digging (20)
 w - a wand of draining (3)
Scrolls
 d - 3 scrolls of fear
 e - 8 scrolls of identify
 g - 2 scrolls of blinking {unknown}
 i - 3 scrolls of torment {unknown}
 k - a scroll of teleportation
 m - a scroll of immolation {unknown}
 n - a scroll of recharging {unknown}
 o - a scroll of noise {unknown}
 q - 2 scrolls of magic mapping {unknown}
Books
 c - a book of Minor Magic

   Spells                             Type                      Level
   a - Magic Dart                     Conjuration                  1
   b - Blink                          Translocation                2
   c - Call Imp                       Summoning                    2
   d - Repel Missiles                 Charms/Air                   2
   e - Slow                           Hexes                        2
   f - Conjure Flame                  Conjuration/Fire             3
   g - Mephitic Cloud                 Conjuration/Poison/Air       3
 f - a book of the Warp

   Spells                             Type                      Level
   a - Recall                         Summoning/Translocation      3
   b - Gell's Gravitas                Hexes/Translocation          3
   c - Force Lance                    Conjuration/Translocation    4
   d - Phase Shift                    Translocation                5
   e - Warp Weapon                    Charms/Translocation         5
   f - Summon Forest                  Summoning/Translocation      5


   Skills:
 - Level 1.5 Dodging
 - Level 1.5 Stealth
 - Level 5.0 Spellcasting
 - Level 6.0 Conjurations
 + Level 5.1 Summonings
 - Level 0.7 Translocations


You had 7 spell levels left.
You knew the following spells:

 Your Spells              Type           Power        Failure   Level  Hunger
a - Magic Dart            Conj           ####         1%          1    N/A
b - Call Imp              Summ           ####....     2%          2    N/A
c - Mephitic Cloud        Conj/Pois/Air  ##......     17%         3    N/A
d - Blink                 Tloc           N/A          17%         2    N/A
e - Repel Missiles        Chrm/Air       #.....       21%         2    N/A

Dungeon Overview and Level Annotations

Branches:
Dungeon (7/15)             Temple (1/1) D:7

Altars:
Ashenzari
Cheibriados
Dithmenos
Elyvilon
Fedhas
Gozag
Kikubaaqudgha
Makhleb
Nemelex Xobeh
Okawaru
Qazlal
Ru
Sif Muna
Trog
Vehumet
Xom
Yredelemnul
Zin
The Shining One

Shops:
D:4 }

Annotations:
D:6 exclusion: oklob plant, Mygna's ghost, novice VSCK; Prince Ribbit
D:7 Menkaure


Innate Abilities, Weirdness & Mutations

You do not eat or drink.
Your flesh is vulnerable to fire.
You are immune to poison.
Your flesh is cold resistant.
You are immune to negative energy.
You are immune to unholy pain and torment.
You can survive without breathing.


Message History

Menkaure hits you!!
Prince Ribbit blinks!
You climb downwards.
There is a stone staircase leading up here.
Casting: Call Imp
Confirm with . or Enter, or press ? or * to list all spells.
Aiming: Mephitic Cloud
Press: ? - help, Shift-Dir - straight line, f - Menkaure
Aim: Menkaure The ball explodes into a vile cloud!
The stinking cloud engulfs Menkaure.
The stinking cloud engulfs you!
Menkaure mumbles some strange words.
Menkaure seems to speed up.
Menkaure barely misses you.
Casting: Mephitic Cloud
Confirm with . or Enter, or press ? or * to list all spells.
A beastly little devil appears in a puff of flame.
Menkaure hits you!
* * * LOW HITPOINT WARNING * * *
Menkaure hits you!
You die...

..#..............#
#.......
.......?.........##
#.......
##................#
#...#...
#.................#
#...##..
###.........<.....#
##..####
##..............# #..#
# ###............#
#..# ####(.....M..##
#..# ##.(..5.@..# #..#
## ##........### #..#
)##### #)(........##
#..## .....###
##.(........# #...#
.......## #.........##
#..)# ........#
##(.......# ##..#
......<.# #.......##
#..# ........#
###.((.....# #..#
.......####(..((.....#
##..#


You could see Menkaure and a friendly crimson imp.

Vanquished Creatures
  A centaur (D:6)
  2 giant frogs
  A scorpion (D:4)
  A hound (D:7)
  2 gnolls (D:7)
  6 giant geckos
  An orc (D:7)
  A bat (D:1)
  A bat zombie (D:5)
  A giant cockroach (D:5)
  4 hobgoblins (D:1)
  2 giant gecko skeletons (D:5)
  4 giant newts
27 creatures vanquished.

Vanquished Creatures (collateral kills)
  Pikel (D:5)
  2 ice beasts (D:7)
  3 black bears
  An orc warrior (D:7)
  A wasp (D:7)
  A necrophage (D:5)
  A sky beast (D:7)
  An ogre (D:4)
  A giant frog (D:6)
  A scorpion (D:5)
  3 crimson imps
  2 iguanas
  5 hounds
  A centaur skeleton (D:5)
  A giant frog skeleton (D:5)
  Natasha (thrice) (D:2)
  2 orc wizards
  2 worker ants
  2 hound skeletons (D:5)
  6 adders
  9 gnolls
  3 shadow imps
  2 oozes
  An adder skeleton (D:5)
  4 worms
  8 giant geckos
  23 orcs
  4 bats
  2 bat zombies (D:5)
  5 giant cockroaches
  8 goblins
  6 hobgoblins
  6 jackals
  A quokka (D:4)
  3 ball pythons
  9 giant newts
  4 kobolds
  3 rats
141 creatures vanquished.

Vanquished Creatures (others)
  A hound (D:5)
  A jelly (D:5)
  An orc (D:6)
3 creatures vanquished.

Grand Total: 171 creatures vanquished

Notes
Turn   | Place    | Note
--------------------------------------------------------------
     0 | D:1      | septik the Mummy Wizard began the quest for the Orb.
     0 | D:1      | Reached XP level 1. HP: 13/13 MP: 4/4
   203 | D:1      | Reached skill level 1 in Conjurations
   371 | D:1      | Reached XP level 2. HP: 19/19 MP: 3/6
   567 | D:1      | Learned a level 2 spell: Call Imp
  1205 | D:1      | Reached skill level 1 in Summonings
  1491 | D:2      | Noticed Natasha
  1495 | D:2      | Killed Natasha
  1495 | D:2      | Reached XP level 3. HP: 24/24 MP: 2/8
  2166 | D:2      | Noticed Natasha
  2176 | D:2      | Killed Natasha
  2789 | D:2      | Noticed Natasha
  2807 | D:2      | Killed Natasha
  3450 | D:2      | Found a sacrificial altar of Ru.
  3450 | D:2      | Found a glowing silver altar of Zin.
  3947 | D:3      | Reached XP level 4. HP: 30/30 MP: 1/9
  5966 | D:4      | Reached XP level 5. HP: 35/35 MP: 1/10
  6324 | D:3      | Reached skill level 4 in Spellcasting
  6721 | D:4      | Found Setussoro's Gadget Shoppe.
  6947 | D:4      | Noticed an ogre
  6968 | D:4      | Killed an ogre
  7190 | D:4      | Found a blossoming altar of Fedhas.
  7658 | D:5      | Entered Level 5 of the Dungeon
  7909 | D:5      | Found an opulent altar of Gozag.
  7931 | D:5      | Reached skill level 5 in Spellcasting
  7931 | D:5      | Reached XP level 6. HP: 41/41 MP: 7/13
  7982 | D:5      | Learned a level 3 spell: Mephitic Cloud
  8695 | D:5      | Noticed Pikel
  8696 | D:5      | Noticed a slave
  8696 | D:5      | Noticed a slave
  8697 | D:5      | Noticed a slave
  8700 | D:5      | Noticed a slave
  9153 | D:5      | Killed Pikel
  9153 | D:5      | Reached XP level 7. HP: 46/46 MP: 2/14
  9676 | D:5      | Found an ancient bone altar of Kikubaaqudgha.
  9747 | D:5      | Noticed a necrophage
  9758 | D:5      | Killed a necrophage
  9811 | D:6      | Found a bloodstained altar of Trog.
  9811 | D:6      | Noticed Mygna's ghost (novice VSCK)
 10302 | D:6      | Found a shimmering altar of Xom.
 10303 | D:6      | Noticed an oklob plant
 10752 | D:6      | Reached skill level 5 in Conjurations
 11169 | D:6      | Noticed Prince Ribbit
 11383 | D:7      | Reached XP level 8. HP: 52/52 MP: 7/15
 11581 | D:7      | Reached skill level 6 in Conjurations
 11673 | D:7      | Learned a level 2 spell: Blink
 11966 | D:6      | Noticed Menkaure
 12624 | D:7      | Found a sparkling altar of Nemelex Xobeh.
 13390 | D:7      | Found a staircase to the Ecumenical Temple.
 13397 | Temple   | Entered the Ecumenical Temple
 13413 | Temple   | Became a worshipper of Sif Muna the Loreminder
 13417 | Temple   | Learned a level 2 spell: Repel Missiles
 13658 | D:6      | Reached skill level 5 in Summonings
 13850 | D:7      | Slain by Menkaure

Vault maps used:
D:1:      mrwooster_arrival_statue_3
D:2:      amethyst_overflow_temple_binary, kennysheep_doodads, uniq_natasha
D:4:      minmay_door_path, lemuel_doored_altar, first_bread, serial_shops,
          nicolae_shop_competitors_out_of_business
D:5:      kennysheep_mini_moat, lemuel_zombie_altar_kikubaaqudgha,
          kennysheep_another_room, minmay_lizard_king, uniq_pikel
D:6:      trog_ov_bears_minmay, lemuel_oklob_altar, uniq_prince_ribbit1,
          uniq_menkaure, uniq_grinder
D:7:      minmay_temple_entry_nine_rooms, nemelex_lonely_heart_becter
Temple:   nicolae_temple_god_jail

Action                   |  1- 3 |  4- 6 |  7- 9 || total
-------------------------+-------+-------+-------++-------
Melee: Unarmed           |    18 |     2 |       ||    20
       Mace              |       |    29 |    78 ||   107
 Cast: Magic Dart        |    26 |       |       ||    26
       Call Imp          |    83 |   173 |   138 ||   394
       Mephitic Cloud    |       |     7 |    16 ||    23
  Use: Scroll            |       |       |     7 ||     7
 Stab: Sleeping          |       |       |     1 ||     1
